 Dungeon Crawl Stone Soup version 0.28-a0-529-g3bad584f25 (webtiles) character file.

Game seed: 2557880606523729405

813 peenler the Skirmisher (level 7, -6/55 (57) HPs)
             Began as a Deep Dwarf Chaos Knight on Sept 24, 2021.
             Was a Plaything of Xom.
             Killed from afar by a lindwurm (shapeshifter) (16 damage)
             ... with a blast of flame
             ... on level 5 of the Dungeon.
             The game lasted 00:13:06 (2725 turns).

peenler the Skirmisher (Deep Dwarf Chaos Knight)    Turns: 2725, Time: 00:13:07

HP:   -6/55 (57)    AC:  6    Str: 16    XL:     7   Next: 61%
MP:   4/4           EV: 10    Int: 15    God:    Xom [...*..]
Gold: 151           SH: 13    Dex: 11    Spells: 6/6 levels left

rFire   . . .      SeeInvis .   h - +0 flail
rCold   . . .      Faith    .   q - +0 kite shield
rNeg    . . .      Spirit   .   b - +3 leather armour
rPois   .          Reflect  +   (no helmet)
rElec   .          Harm     .   t - +0 cloak
rCorr   .          Rampage  .   (no gloves)
Will    +....      Clarity  +   (no boots)
Stlth   +.........              r - amulet of reflection
HPRegen 0.00/turn               (no ring)
MPRegen 0.09/turn               (no ring)

@: cleaving, lightly drained
A: damage resistance, heal wounds, sense surroundings 1, no regeneration,
clarity, clever 1, clumsy 1, deformed body, frail 1, wild magic 1
a: Heal Wounds, Renounce Religion


You were on level 5 of the Dungeon.
You worshipped Xom.
You were a favourite toy of Xom.
You visited 1 branch of the dungeon, and saw 4 of its levels.

You collected 151 gold pieces.

Inventory:

Hand Weapons
 a - a +0 hand axe of chaos
 h - a +0 flail (weapon)
Armour
 b - a +3 leather armour (worn)
 m - a +0 ring mail
 q - a +0 kite shield (worn)
 t - a +0 cloak (worn)
Jewellery
 f - an amulet of faith
 r - an amulet of reflection (around neck)
Scrolls
 k - a scroll of identify
 l - a scroll of magic mapping
 o - a scroll of immolation {unknown}
 p - a scroll of teleportation {unknown}
 s - a scroll of holy word {unknown}
Potions
 c - a potion of curing {unknown}
 d - a potion of heal wounds {unknown}
 e - a potion of magic {unknown}
 g - a potion of degeneration {unknown}
 i - 3 potions of flight
 j - a potion of attraction {unknown}
 n - a potion of brilliance {unknown}


   Skills:
 + Level 4.2 Fighting
 + Level 4.0(4.9) Axes
 + Level 3.7(4.4) Maces & Flails
 + Level 4.1 Armour
 + Level 4.1 Dodging
 + Level 1.0 Stealth
 + Level 3.6 Shields


You had 6 spell levels left.
You didn't know any spells.
Your spell library was empty.

Dungeon Overview and Level Annotations

Branches:
Dungeon (5/15)             Temple (0/1) D:4

Altars:


Innate Abilities, Weirdness & Mutations

You are resistant to damage.
You can heal yourself by infusing magical energy.
You passively map a small area around you.
You do not regenerate.
You possess an exceptional clarity of mind.
Your mind is acute. (Int +2)
You are clumsy. (Dex -2)
Armour fits poorly on your strangely shaped body.
You are frail. (-10% HP)
Your spells are a little harder to cast, but a little more powerful.


Message History

The lindwurm is severely wounded.
The lindwurm bites you! You block the lindwurm's attack. x2
You hit the lindwurm but do no damage.
The lindwurm is severely wounded.
The lindwurm breathes flames at you. The blast of flame hits you!!
* * * LOW HITPOINT WARNING * * *
You block the lindwurm's attack. The lindwurm claws you.
The lindwurm claws you!
* * * LOW HITPOINT WARNING * * *
You feel much better. The lindwurm bites you!
* * * LOW HITPOINT WARNING * * *
The lindwurm barely misses you. You block the lindwurm's attack.
Your magical essence is drained by the effort!
You feel much better. You block the lindwurm's attack.
The lindwurm closely misses you. x2
Your magical essence is drained by the effort!
You feel much better. The lindwurm breathes flames at you.
The blast of flame hits you!!
You sock the lindwurm!
The lindwurm is almost dead.
You block the lindwurm's attack. x2; The lindwurm claws you.
You barely miss the lindwurm.
The lindwurm is almost dead.
The lindwurm bites you! The lindwurm claws you!
* * * LOW HITPOINT WARNING * * *
You block the lindwurm's attack.
You barely miss the lindwurm.
The lindwurm is almost dead.
The lindwurm bites you!
* * * LOW HITPOINT WARNING * * *
You block the lindwurm's attack.
The lindwurm claws you but does no damage.
The lindwurm closely misses you. You block the lindwurm's attack.
The lindwurm barely misses you.
You fail to use your ability.
The lindwurm breathes flames at you. The blast of flame hits you!
You die...

#..).## ####..........., ,
#.....####.............# *
.......................# ,
...##..................# ,
...##....####.....#....#
..##....## #...........# ,
........## #...........##
......<..###....k)..?...#
...####...#.....@.......##.
, .##
##.........))........, .
.................## ,*
*...............### * , ,
..............## * *
...#..........# * * *
..#####......## ,* .
#......# * * ##.......


You could see a lindwurm shaped shifter (catching breath).

Vanquished Creatures
  Pikel (D:4)
  A necrophage (D:5)
  A lemure (D:4)
  2 orc wizards (D:4)
  2 iguanas (D:4)
  A hound zombie (D:5)
  3 gnolls (D:4)
  An adder (D:2)
  An adder skeleton (D:4)
  A worm (D:2)
  3 dart slugs
  5 orcs
  8 ball pythons
  8 endoplasms
  A giant cockroach (D:2)
  11 hobgoblins
  A quokka (D:2)
  8 bats
  5 frilled lizards (D:1)
  9 goblins
  7 kobolds
  3 rats
83 creatures vanquished.

Vanquished Creatures (collateral kills)
  An iguana (D:4)
1 creature vanquished.

Grand Total: 84 creatures vanquished

Notes
Turn   | Place    | Note
-------+----------+-------------------------------------------
     0 | D:1      | peenler the Deep Dwarf Chaos Knight began the quest for the
                  | Orb.
     0 | D:1      | Reached XP level 1. HP: 20/20 MP: 1/1
    12 | D:1      | Found a faded altar of an unknown god.
   124 | D:1      | XOM: silly message
   172 | D:1      | Reached XP level 2. HP: 25/28 MP: 2/2
   285 | D:1      | XOM: cloud trail
   357 | D:1      | XOM: silly message
   496 | D:1      | XOM: noise
   615 | D:1      | XOM: silly message
   623 | D:1      | XOM: divination: detect creatures
   705 | D:1      | Reached XP level 3. HP: 34/34 MP: 3/3
  1223 | D:2      | Reached skill level 1 in Maces & Flails
  1227 | D:2      | Reached XP level 4. HP: 29/42 MP: 4/4
  1305 | D:2      | XOM: scenery: 2 doors close
  1347 | D:2      | XOM: give mutations
  1347 | D:2      | Gained mutation: Armour fits poorly on your strangely
                  | shaped body. [Xom's mischief]
  1347 | D:2      | Gained mutation: You are clumsy. (Dex -2) [Xom's mischief]
  1483 | D:2      | XOM: give mutation
  1483 | D:2      | Gained mutation: You possess an exceptional clarity of
                  | mind. [Xom's mischief]
  1596 | D:2      | You fall into a shaft and drop 2 floors!
  1762 | D:4      | Found a staircase to the Ecumenical Temple.
  1837 | D:4      | XOM: 3-stop teleportation journey
  2002 | D:4      | XOM: cast spell 'Summon Mana Viper'
  2109 | D:4      | Reached XP level 5. HP: 36/49 MP: 5/5
  2254 | D:4      | Noticed a lemure
  2255 | D:4      | Noticed a lemure
  2255 | D:4      | Noticed Pikel
  2256 | D:4      | Noticed a lemure
  2257 | D:4      | Noticed a lemure
  2266 | D:4      | XOM: cast spell 'Leda's Liquefaction'
  2269 | D:4      | XOM: smoke on damage
  2287 | D:4      | XOM: summons 5 friendly demons
  2294 | D:4      | Killed a lemure
  2299 | D:4      | XOM: blink monster(s)
  2303 | D:4      | XOM: chaos cloud
  2305 | D:4      | Paralysed by you for 6 turns
  2313 | D:4      | XOM: butterfly on damage
  2315 | D:4      | XOM: summons 1 friendly demon
  2332 | D:4      | Killed Pikel
  2333 | D:4      | Reached XP level 6. HP: 34/57 MP: 5/5
  2333 | D:4      | Reached XP level 7. HP: 38/64 MP: 6/6
  2480 | D:4      | XOM: fog
  2492 | D:4      | XOM: give mutations
  2492 | D:4      | Gained mutation: Your spells are a little harder to cast,
                  | but a little more powerful. [Xom's mischief]
  2492 | D:4      | Gained mutation: Your mind is acute. (Int +2) [Xom's
                  | mischief]
  2492 | D:4      | Gained mutation: You are frail. (-10% HP) [Xom's mischief]
  2592 | D:5      | Entered Level 5 of the Dungeon
  2637 | D:5      | Reached skill level 1 in Stealth
  2654 | D:5      | XOM: polymorph something unseen -> rat
  2672 | D:5      | Noticed a blink frog
  2672 | D:5      | XOM: polymorph something unseen -> blink frog
  2679 | D:5      | XOM: destruction
  2686 | D:5      | XOM: cleaving
  2688 | D:5      | XOM: cleaving
  2696 | D:5      | Noticed a shapeshifter
  2696 | D:5      | a blink frog changed into a shapeshifter
  2696 | D:5      | XOM: polymorph blink frog -> shapeshifter
  2696 | D:5      | Noticed a tarantella
  2696 | D:5      | a shapeshifter changed into a tarantella
  2711 | D:5      | Noticed a lindwurm
  2711 | D:5      | a tarantella changed into a lindwurm
  2725 | D:5      | Killed from afar by a lindwurm (shapeshifter)

Illustrated notes

Levels and vault maps discovered:
D:1:      dpeg_arrival_tiny_a, layout_basic, chequers_ecumenical_altar_island
D:2:      layout_loops_cross, minmay_goblin_outpost
D:4:      layout_basic, minmay_temple_entry_hall, uniq_pikel
D:5:      layout_layer_cave

Skill      XL: |  1  2  3  4  5  6  7 |
---------------+----------------------+-----
Fighting       | 3 4 |  4.2
Axes           | 4 |  4.0
Maces & Flails | 1 2 3 |  3.7
Armour         | 3 4 |  4.1
Dodging        | 3 4 |  4.1
Shields        | 3 |  3.6
Stealth        | 1 |  1.0

Action                   |  1- 3 |  4- 6 |  7- 9 || total
-------------------------+-------+-------+-------++-------
Melee: Hand axe          |    74 |       |       ||    74
       Flail             |    82 |   163 |    76 ||   321
 Abil: Heal Wounds       |     3 |    18 |     9 ||    30
  Use: Scroll            |     5 |       |       ||     5
Armor: Leather armour    |    96 |    99 |    42 ||   237
Dodge: Dodged            |   127 |   130 |    36 ||   293
Block: Kite shield       |       |   114 |    73 ||   187
       Reflection        |       |     1 |     1 ||     2

Table legend: (Time is in decaauts)
 A = Elapsed time spent in this place.
 B = Non-inter-level travel time spent in this place.
 C = Inter-level travel time spent in this place.
 D = Time resting spent in this place.
 E = Time spent auto-exploring this place.
 F = Levels seen in this place.
 G = Mean time per level.
                   A        B        C        D        E       F      G
               +--------+--------+--------+--------+--------+-----+--------+
         Total |   2858 |   2858 |      0 |    175 |   1244 |   4 |  714.5 |
       Dungeon |   2858 |   2858 |      0 |    175 |   1244 |   4 |  714.5 |
               +--------+--------+--------+--------+--------+-----+--------+

Top non-repeatable levels by time:
     D:4: 1049 daAuts
     D:2: 837 daAuts
     D:1: 813 daAuts
     D:5: 159 daAuts
